 Dungeon Sprint DCSS version 0.29.1-2-gbd0b4ee654 (webtiles) character file.

Game seed: 13871350664733248470

20902 Groucho the Naga Aeon (level 12, -7/128 HPs)
             Began as a Naga Fighter on Oct 30, 2022.
             Was the Champion of Cheibriados.
             Mangled by an orc knight
             ... wielding a +0 great mace
              (34 damage)
             ... in the Dungeon (Sprint VII: "The Pits").
             The game lasted 00:08:57 (8089 turns).

Groucho the Naga Aeon (Naga Fighter)                Turns: 8089, Time: 00:08:58

Health: -7/128     AC: 17    Str: 35    XL:     12   Next: 84%
Magic:  0/23       EV: 12    Int: 30    God:    Cheibriados [******]
Gold:   35         SH: 10    Dex: 29    Spells: 21/21 levels left

rFire   . . .      SeeInvis +   p - +3 hand axe (freeze)
rCold   . . .      Faith    .   c - +0 buckler
rNeg    . . .      Spirit   .   u - +3 plate armour
rPois   +          Reflect  .   (no helmet)
rElec   .          Harm     .   (no cloak)
rCorr   .          Rampage  .   (no gloves)
Will    +....      NoTele   +   (no barding)
Stlth   ..........              (no amulet)
HPRegen 0.31/turn               b - +3 ring of intelligence
MPRegen 0.18/turn               q - +3 ring of intelligence

@: studying Axes, invisible, very slow
A: AC +4, large, see invisible, deformed body, poison resistance, slowness 2,
spit poison 1, naga tail 1
a: Spit Poison, Renounce Religion, Bend Time, Temporal Distortion, Slouch, Step
From Time


You were in the Dungeon.
You worshipped Cheibriados.
Cheibriados was exalted by your worship.
You visited 1 branch You collected 35 gold pieces.

Inventory:

Hand Weapons
 p - a +3 hand axe of freezing (weapon)
 t - a +2 vorpal morningstar
 w - a +2 demon whip of electrocution
Missiles
 o - 23 stones
Armour
 c - a +0 buckler (worn)
 u - a +3 plate armour (worn)
Jewellery
 b - a +3 ring of intelligence (left hand)
 q - a +3 ring of intelligence (right hand)
Wands
 v - a wand of roots (2) (quivered)
Scrolls
 h - 5 scrolls of identify
 k - a scroll of fog
 l - 4 scrolls of fear
 m - 5 scrolls of amnesia
 n - a scroll of summoning
Potions
 a - a potion of invisibility
 d - 3 potions of might
 e - 9 potions of curing
 f - a potion of heal wounds
 g - 2 potions of haste
 i - 3 potions of berserk rage
 r - 4 potions of resistance
 s - a potion of brilliance


   Skills:
 + Level 14.2 Fighting
 + Level 14.8 Axes
 * Level 12.9 Armour
 * Level 6.8 Dodging
 * Level 14.0 Shields
 + Level 5.1 Spellcasting
 + Level 15.0 Invocations


You had 21 spell levels left.
You didn't know any spells.
Your spell library was empty.

Dungeon Overview and Level Annotations

Branches:
Dungeon (1/1)

Altars:
Ashenzari
Cheibriados
Dithmenos
Elyvilon
Fedhas
Gozag
Hepliaklqana
Kikubaaqudgha
Makhleb
Nemelex Xobeh
Okawaru
Qazlal
Ru
Sif Muna
Trog
Uskayaw
Vehumet
Wu Jian
Xom
Yredelemnul
Zin
The Shining One
Jiyva
Lugonu


Innate Abilities, Weirdness & Mutations

Your serpentine skin is tough. (AC +4)
You have supernaturally acute eyesight. (SInv)
Armour fits poorly on your strangely shaped body.
Your system is resistant to poisons. (rPois)
You cover ground very slowly.
You can spit poison.
You have a snake-like lower body.


Message History

The grasping roots constrict the orc warlord!
The roots release their grip on the orc warlord.
The orc warlord roars a battlecry!
You fade into invisibility!
The orc warlord no longer looks unusually strong.
The orc knight no longer looks unusually strong.
The orc warlord roars a battlecry!
The orcs go into a battle-frenzy!
The vampire mage gestures wildly while chanting.
The vampire mage flickers and vanishes for a moment.
You feel much better. You block the orc warlord's attack.
You feel much better.
The orc warlord hits you with a +3 long sword of venom!!!
You slash the orc warlord! You freeze the orc warlord.
You kill the orc warlord!
Cheibriados thoroughly appreciates the change of pace.
Cheibriados raises the support of your attributes as your movement slows.
Your Shields skill increases to level 14!
Your Spellcasting skill increases to level 5!
Your Invocations skill increases to level 15!
Unknown command.
Unknown command.
You hit the orc warlord. You freeze the orc warlord.
The orc warlord is almost dead.
The orc warlord hits you with a +3 antimagic war axe!
* * * LOW HITPOINT WARNING * * *
You feel your power leaking away.
Unknown command.
Unknown command.
You hit the orc warlord but do no damage.
The orc warlord is almost dead.
You hit the orc knight. You freeze the orc knight.
Unknown command.
Unknown command.
You catch the helpless orc warlord completely off-guard!
You hit the orc warlord but do no damage.
The orc warlord is almost dead.
You hit the orc knight but do no damage.
The orc knight hits you with a +0 great mace!!
You die...

#++#####################
#......@oVp.............
#.......o.......)...)...
#..##############''#####
#..# #..)...# #..#
#..o...# # #..# #..o...#
# #..# ###..### # #..#
.))) # #..# p)..


You could see an orc warlord (strong, unable to see you), a vault guard, an orc
knight (strong, unable to see you) and a vampire mage (invisible).

Vanquished Creatures
  Agnes (D)
  An orc warlord (D)
  A balrug (D)
  2 ghost moths (D)
  A boulder beetle (D)
  A rakshasa (D)
  2 hydras (D)
  Erica (D)
  A fire crab (D)
  A flayed ghost (D)
  2 spriggan druids (D)
  8 orc knights (D)
  A bog body (D)
  A deep elf zephyrmancer (D)
  An orc sorcerer (D)
  A rust devil (D)
  An elephant (D)
  2 smoke demons (D)
  4 black mambas (D)
  A gargoyle (D)
  A cane toad (D)
  An ice devil (D)
  A wyvern (D)
  A shadow (D)
  A ynoxinul (D)
  A water elemental (D)
  3 steam dragons (D)
  A redback (D)
  4 vampire mosquitoes (D)
  An acid dragon (D)
  A water moccasin (D)
  3 floating eyes (D)
  A swamp drake (D)
  An orc warrior (D)
  3 black bears (D)
  An ogre (D)
  2 centaurs (D)
  A phantom (D)
  A small abomination (D)
  A jelly (D)
  2 quasits (D)
  An orc priest (D)
  An iron imp (D)
  Jessica (D)
  An orc wizard (D)
  A hell rat (D)
  A mummy (D)
  An adder (D)
  3 gnolls (D)
  An ufetubus (D)
  7 orcs (D)
  A ball python (D)
  A giant cockroach (D)
  A goblin (D)
  A hobgoblin (D)
  8 jackals (D)
  A frilled lizard (D)
  A giant cockroach zombie (D)
  A quokka skeleton (D)
99 creatures vanquished.

Notes
Turn   | Place    | Note
-------+----------+-------------------------------------------
     0 | D        | Groucho the Naga Fighter began the quest for the Orb.
     0 | D        | Reached XP level 1. HP: 21/21 MP: 1/1
   392 | D        | Found a bloodstained altar of Trog.
   392 | D        | Found a shimmering blue altar of Sif Muna.
   392 | D        | Found a viscous altar of Jiyva.
   392 | D        | Found a hazy altar of Hepliaklqana.
   392 | D        | Found an opulent altar of Gozag.
   393 | D        | Found a glowing golden altar of the Shining One.
   393 | D        | Found a glowing silver altar of Zin.
   393 | D        | Found a basalt altar of Yredelemnul.
   393 | D        | Found a shimmering altar of Xom.
   393 | D        | Found an ornate altar of the Wu Jian Council.
   393 | D        | Found a sacrificial altar of Ru.
   393 | D        | Found a stormy altar of Qazlal.
   393 | D        | Found an iron altar of Okawaru.
   393 | D        | Found a sparkling altar of Nemelex Xobeh.
   393 | D        | Found a burning altar of Makhleb.
   393 | D        | Found a blossoming altar of Fedhas.
   393 | D        | Found a white marble altar of Elyvilon.
   393 | D        | Found a shadowy altar of Dithmenos.
   393 | D        | Found a snail-covered altar of Cheibriados.
   395 | D        | Found a radiant altar of Vehumet.
   395 | D        | Found a corrupted altar of Lugonu.
   396 | D        | Found a hide-covered altar of Uskayaw.
   396 | D        | Found an ancient bone altar of Kikubaaqudgha.
   396 | D        | Found a broken altar of Ashenzari.
   404 | D        | Became a worshipper of Cheibriados the Contemplative
   435 | D        | Reached skill level 1 in Invocations
   435 | D        | Reached XP level 2. HP: 18/28 MP: 1/3
   435 | D        | Reached * piety under Cheibriados
   439 | D        | Reached ** piety under Cheibriados
   666 | D        | Reached *** piety under Cheibriados
   671 | D        | Reached skill level 2 in Invocations
   671 | D        | Reached XP level 3. HP: 23/36 MP: 4/4
   968 | D        | Noticed a floating eye
  1162 | D        | Paralysed by a floating eye for 4 turns
  1166 | D        | Killed a floating eye
  1166 | D        | Reached **** piety under Cheibriados
  1167 | D        | Reached skill level 5 in Fighting
  1167 | D        | Reached skill level 4 in Invocations
  1167 | D        | Reached XP level 4. HP: 46/46 MP: 4/7
  1167 | D        | Reached XP level 5. HP: 52/52 MP: 4/8
  1402 | D        | Noticed a floating eye
  1406 | D        | Paralysed by a floating eye for 3 turns
  1411 | D        | Reached skill level 5 in Axes
  1411 | D        | Reached skill level 5 in Shields
  1412 | D        | Paralysed by a floating eye for 2 turns
  1415 | D        | Paralysed by a floating eye for 4 turns
  1420 | D        | Reached skill level 5 in Invocations
  1420 | D        | Paralysed by a floating eye for 3 turns
  1423 | D        | Reached ***** piety under Cheibriados
  1423 | D        | Killed a floating eye
  1424 | D        | Reached skill level 5 in Armour
  1424 | D        | Reached skill level 6 in Invocations
  1424 | D        | Reached XP level 6. HP: 12/63 MP: 3/10
  1463 | D        | Noticed a black bear
  1464 | D        | Killed a black bear
  1817 | D        | Noticed Jessica
  1818 | D        | Killed Jessica
  1819 | D        | Reached XP level 7. HP: 72/72 MP: 12/12
  1821 | D        | Noticed a steam dragon
  1828 | D        | Killed a steam dragon
  1829 | D        | Reached skill level 7 in Invocations
  2117 | D        | Reached ****** piety under Cheibriados
  2127 | D        | Noticed a rust devil
  2128 | D        | Noticed a smoke demon
  2130 | D        | Killed a rust devil
  2130 | D        | Killed a smoke demon
  2131 | D        | Reached skill level 9 in Invocations
  2131 | D        | Reached XP level 8. HP: 73/85 MP: 1/14
  2135 | D        | Found the +8 mithril axe "Arga" {speed, Will+}
  2275 | D        | Paralysed by a floating eye for 4 turns
  2288 | D        | Noticed a boulder beetle
  2291 | D        | Killed a boulder beetle
  2292 | D        | Reached skill level 10 in Fighting
  2292 | D        | Reached skill level 10 in Invocations
  2292 | D        | Reached XP level 9. HP: 63/93 MP: 11/16
  2785 | D        | Noticed a gargoyle
  2788 | D        | Killed a gargoyle
  2789 | D        | Reached skill level 10 in Axes
  3082 | D        | Noticed a black mamba
  3083 | D        | Killed a black mamba
  3088 | D        | Noticed a cane toad
  3090 | D        | Reached skill level 11 in Invocations
  3093 | D        | Killed a cane toad
  3094 | D        | Reached XP level 10. HP: 103/103 MP: 1/18
  3600 | D        | Noticed a flayed ghost
  3600 | D        | Noticed a smoke demon
  3602 | D        | Killed a smoke demon
  3603 | D        | Reached skill level 10 in Shields
  3603 | D        | Killed a flayed ghost
  3606 | D        | Noticed a spriggan druid
  3609 | D        | Killed a spriggan druid
  3610 | D        | Reached skill level 12 in Invocations
  3715 | D        | Noticed Agnes
  3716 | D        | Noticed an orc sorcerer
  3716 | D        | Noticed Erica
  3716 | D        | Noticed an orc knight
  3720 | D        | Killed Agnes
  3720 | D        | Killed an orc sorcerer
  3721 | D        | Reached skill level 10 in Armour
  3723 | D        | Killed an orc knight
  3723 | D        | Killed Erica
  3724 | D        | Reached skill level 13 in Invocations
  3724 | D        | Reached XP level 11. HP: 37/115 MP: 15/20
  4170 | D        | Noticed a ghost moth
  4178 | D        | Killed a ghost moth
  4180 | D        | Noticed a ghost moth
  4205 | D        | HP: 4/116 [ghost moth (2)]
  4206 | D        | Killed a ghost moth
  5484 | D        | Noticed a seven-headed hydra
  5486 | D        | Reached skill level 1 in Dodging
  5487 | D        | Reached skill level 1 in Spellcasting
  5487 | D        | Killed a seven-headed hydra
  5818 | D        | Reached skill level 14 in Invocations
  6510 | D        | Noticed a bog body
  6513 | D        | Killed a bog body
  6652 | D        | Noticed a six-headed hydra
  6655 | D        | Killed a six-headed hydra
  6656 | D        | Reached XP level 12. HP: 110/126 MP: 11/22
  6824 | D        | Noticed a balrug
  6828 | D        | Killed a balrug
  7110 | D        | Noticed a rakshasa
  7113 | D        | Killed a rakshasa
  7451 | D        | Reached skill level 5 in Dodging
  8067 | D        | Noticed an orc warlord
  8067 | D        | Noticed an orc warlord
  8075 | D        | Noticed a vault guard
  8075 | D        | Noticed a vampire mage
  8086 | D        | Killed an orc warlord
  8087 | D        | Reached skill level 5 in Spellcasting
  8087 | D        | Reached skill level 15 in Invocations
  8089 | D        | Mangled by an orc knight

Illustrated notes

Levels and vault maps discovered:
D:        pitsprint [storerooms_1, entrance_room_1, metal_vault_6, armoury_1,
          mini_pit_1, grid_room_1, main_hall_1, silver_pit, the_coven_2,
          the_vestibule_1, steel_vault_4, golden_pit, hallway_of_sentries,
          crystal_vault_4, iron_vault_4, final_vault]

Skill      XL: |  1  2  3  4  5  6  7  8  9 10 11 12 |
---------------+-------------------------------------+-----
Shields        | 3 4 6 8 9 11 12 14 | 14.0
Armour         | 3 4 5 7 8 9 10 11 12 | 12.9
Invocations    | 1 2 4 6 9 10 11 13 14 15 | 15.0
Axes           | 3 4 6 8 9 10 12 13 14 | 14.8
Fighting       | 4 5 6 7 9 10 12 13 14 | 14.2
Dodging        | 3 6 |  6.8
Spellcasting   | 2 5 |  5.1

Action                   |  1- 3 |  4- 6 |  7- 9 | 10-12 || total
-------------------------+-------+-------+-------+-------++-------
Melee: Hand axe          |    34 |    19 |     6 |    64 ||   123
       War axe           |     7 |       |       |       ||     7
Invok: Slouch            |       |     2 |    14 |    38 ||    54
Evoke: Wand              |       |       |       |     2 ||     2
  Use: Potion            |       |     3 |     3 |    12 ||    18
       Scroll            |       |       |       |     1 ||     1
 Stab: Invisible         |       |       |       |     1 ||     1
Armor: Scale mail        |    13 |     1 |       |       ||    14
       Chain mail        |       |    10 |    11 |       ||    21
       Plate armour      |       |       |     8 |    50 ||    58
Dodge: Dodged            |    16 |     4 |     8 |    33 ||    61
Block: Buckler           |    15 |     2 |    10 |    44 ||    71
